 Dungeon Crawl Stone Soup version 0.22-a0-351-g29664b4 (webtiles) character file.

4152 RoseArtemis the Slicer (level 10, -5/57 HPs)
             Began as a Gargoyle Monk on Apr 12, 2018.
             Was an Elder of Hepliaklqana.
             Slain by a two-headed ogre
             ... wielding a +0 giant club
              (13 damage)
             ... on level 8 of the Dungeon.
             The game lasted 00:29:30 (7339 turns).

RoseArtemis the Slicer (Gargoyle Monk)              Turns: 7339, Time: 00:29:31

Health: -5/57      AC: 15    Str: 14    XL:     10   Next: 28%
Magic:  13/13      EV: 13    Int: 14    God:    Hepliaklqana [****..]
Gold:   401        SH:  0    Dex: 13    Spells: 9/9 levels left

rFire    + . .     SeeInvis .   b - +2 hunting sling (velocity)
rCold    + . .     Gourm    .   (no shield)
rNeg     + . .     Faith    .   h - +2 robe {rC+ rF+}
rPois    ∞         Spirit   .   g - +2 hat
rElec    +         Reflect  .   (no cloak)
rCorr    .         Harm     .   w - +0 pair of gloves
MR       .....                  t - +0 pair of boots
Stlth    +++.......             (no amulet)
HPRegen  0.19/turn              (no ring)
MPRegen  0.13/turn              (no ring)

@: no status effects
A: reduced essence, negative energy resistance 1, electricity resistance,
unbreathing, petrification resistance, rot immunity, AC +7
a: Recall Ancestor, Ancestor Identity, Transference, Idealise, Renounce Religion


You were on level 8 of the Dungeon.
You worshipped Hepliaklqana.
Hepliaklqana was greatly pleased with you.
You were not hungry.

You visited 2 branches of the dungeon, and saw 9 of its levels.

You collected 401 gold pieces.

Inventory:

Hand Weapons
 a - a +3 dagger
 b - a +2 hunting sling of velocity (weapon)
Missiles
 f - 25 sling bullets (quivered)
 j - 2 throwing nets
Armour
 g - a +2 hat (worn)
 h - a +2 robe of resistance (worn)
 t - a +0 pair of boots (worn)
 w - a +0 pair of gloves (worn)
Magical Staves
 F - an uncursed staff of cold {unknown}
Jewellery
 s - an uncursed amulet of faith {unknown}
 v - an uncursed ring of stealth {unknown}
Wands
 q - a wand of iceblast (14)
 y - a wand of clouds (4)
 z - a wand of disintegration (11)
 A - a wand of flame (18)
Scrolls
 d - 11 scrolls of remove curse
 k - a scroll of blinking {unknown}
 m - a scroll of random uselessness {unknown}
 o - 2 scrolls of teleportation
 r - a scroll of enchant armour
 B - a scroll of amnesia {unknown}
 D - a scroll of magic mapping {unknown}
 G - a scroll of identify
Potions
 e - a potion of haste {unknown}
 i - 4 potions of flight
 l - 4 potions of curing {unknown}
 n - 2 potions of brilliance {unknown}
 p - 4 potions of degeneration {unknown}
 u - 2 potions of lignification {unknown}
 x - a potion of mutation {unknown}
 C - a potion of ambrosia {unknown}
 E - a potion of invisibility {unknown}
Comestibles
 c - 16 rations


   Skills:
 + Level 7.9 Fighting
 * Level 8.3 Short Blades
   Level 3.3 Maces & Flails
 + Level 5.7 Slings
 - Level 2.6 Dodging
 - Level 5.5 Stealth
 + Level 5.0 Invocations


You had 9 spell levels left.
You didn't know any spells.

Dungeon Overview and Level Annotations

Branches:
Dungeon (8/15)             Temple (1/1) D:5
   Lair: D:8-11

Altars:
Ashenzari
Cheibriados
Dithmenos
Elyvilon
Fedhas
Gozag
Hepliaklqana
Kikubaaqudgha
Makhleb
Nemelex Xobeh
Okawaru
Qazlal
Ru
Sif Muna
Trog
Uskayaw
Vehumet
Wu Jian
Xom
Yredelemnul
Zin
The Shining One

Shops:
D:7 :%

Annotations:
D:4 1 runed door


Innate Abilities, Weirdness & Mutations

You are resistant to torment.
Your stone body is resilient. (AC +7)
You are immune to poison.
You resist negative energy. (rN+)
You are resistant to electric shocks. (rElec)
You can survive without breathing.
You are immune to petrification.
You are immune to rotting.
Your life essence is reduced to manifest your ancestor. (-10% HP)


Message History

You shoot a sling bullet.
The sling bullet hits the two-headed ogre.
The two-headed ogre is heavily wounded.
Firing (i - inventory. (/) - cycle)
f - 27 sling bullets (quivered)
Press: ? - help, Shift-Dir - straight line, f/p - two-headed ogre
Aim: a two-headed ogre, wielding two giant clubs (heavily wounded)
You shoot a sling bullet.
The sling bullet hits the two-headed ogre.
The two-headed ogre is heavily wounded.
The two-headed ogre hits you with a giant club!
* * * LOW HITPOINT WARNING * * *
The two-headed ogre closely misses you.
Firing (i - inventory. (/) - cycle)
f - 26 sling bullets (quivered)
Press: ? - help, Shift-Dir - straight line, f/p - two-headed ogre
Aim: a two-headed ogre, wielding two giant clubs (heavily wounded)
You shoot a sling bullet.
The sling bullet hits the two-headed ogre.
The two-headed ogre is severely wounded.
The two-headed ogre hits you with a giant club!
You die...

.......#
.###############
.####..........#
###............#
###............#
...............#
###............#
....#....####'####
#.#.#.####......@##
#.......#.8#####8O#
........#. ##(#
........# #.#
........# #.#
........# #.#
........# #.#
....(...# 8.#
........## .##


You could see a two-headed ogre.

Vanquished Creatures
  Pikel (D:4)
  Grinder (D:3)
  A hippogriff (D:7)
  Sigmund (D:3)
  4 hogs (D:7)
  An ice beast (D:7)
  An orc warrior (D:6)
  A sky beast (D:6)
  A slave (D:4)
  A phantom (D:4)
  An ogre (D:6)
  2 bullfrogs
  Blork the orc (D:4)
  2 scorpions
  A crimson imp (D:5)
  The ghost of Galewind the Conjurer, a weakling DECj of Vehumet (D:3)
  4 hounds
  4 jellies
  A hound zombie (D:8)
  A hound skeleton (D:4)
  4 adders
  2 shadow imps
  An ooze (D:1)
  2 worms
  2 leopard geckos
  5 orcs
  A giant cockroach (D:2)
  7 goblins
  6 hobgoblins
  A quokka (D:3)
  3 bats
  2 frilled lizards
  A giant cockroach zombie (D:3)
  6 kobolds
  8 rats
82 creatures vanquished.

Vanquished Creatures (collateral kills)
  The ghost of EnegeticOcto the Fighter, a novice CeCK of Xom (D:6)
  A human (D:7)
  An orc warrior (D:6)
  A sky beast (D:6)
  An ice beast (D:8)
  An ogre (D:5)
  2 crimson imps
  A hound (D:7)
  2 orc priests
  A bullfrog skeleton (D:7)
  5 orc wizards
  2 worker ants
  A howler monkey zombie (D:7)
  2 adders
  2 shadow imps
  8 orcs
  A giant cockroach (D:1)
  A goblin (D:2)
  A hobgoblin (D:1)
  A quokka (D:8)
  A quokka zombie (D:7)
37 creatures vanquished.

Vanquished Creatures (others)
  An orc (D:4)
  7 knights
8 creatures vanquished.

Grand Total: 127 creatures vanquished

Notes
Turn   | Place    | Note
-------+----------+-------------------------------------------
     0 | D:1      | RoseArtemis the Gargoyle Monk began the quest for the Orb.
     0 | D:1      | Reached XP level 1. HP: 14/14 MP: 1/1
   162 | D:1      | Reached XP level 2. HP: 17/19 MP: 2/2
   369 | D:1      | Found a hazy altar of Hepliaklqana.
   399 | D:1      | Became a worshipper of Hepliaklqana the Forgotten
   399 | D:1      | Reached * piety under Hepliaklqana
   399 | D:1      | Reached ** piety under Hepliaklqana
   400 | D:1      | Remembered your ancestor Finlay as a knight
  1084 | D:2      | Reached skill level 1 in Short Blades
  1084 | D:2      | Reached XP level 3. HP: 21/21 MP: 3/3
  1156 | D:2      | Reached XP level 4. HP: 26/26 MP: 4/4
  1544 | D:3      | Noticed Grinder
  1550 | D:3      | Paralysed by Grinder for 3 turns
  1556 | D:3      | Killed Grinder
  1556 | D:3      | Reached skill level 3 in Short Blades
  1556 | D:3      | Reached skill level 1 in Slings
  1556 | D:3      | Reached XP level 5. HP: 30/30 MP: 5/5
  1556 | D:3      | Reached XP level 6. HP: 35/35 MP: 6/6
  1742 | D:3      | Noticed Galewind's ghost (weakling DECj)
  1763 | D:3      | Killed Galewind's ghost
  1994 | D:3      | Found a faded altar of an unknown god.
  1996 | D:3      | Noticed Sigmund
  2001 | D:3      | Reached *** piety under Hepliaklqana
  2022 | D:3      | Killed Sigmund
  2022 | D:3      | Reached XP level 7. HP: 38/39 MP: 7/7
  2459 | D:4      | Found a deep blue altar of Sif Muna.
  2625 | D:4      | Found an ornate altar of the Wu Jian Council.
  2675 | D:4      | Noticed Pikel
  2739 | D:4      | Killed Pikel
  2739 | D:4      | Reached skill level 5 in Fighting
  2739 | D:4      | Reached skill level 4 in Short Blades
  2739 | D:4      | Reached skill level 5 in Stealth
  2739 | D:4      | Reached XP level 8. HP: 11/45 MP: 8/8
  3004 | D:4      | Reached skill level 5 in Short Blades
  3035 | D:4      | Found a runed door.
  3147 | D:4      | Found a snail-covered altar of Cheibriados.
  3280 | D:4      | Noticed Blork the orc
  3291 | D:4      | Killed Blork the orc
  3296 | D:4      | Found a deep blue altar of Sif Muna.
  3326 | D:5      | Entered Level 5 of the Dungeon
  3383 | D:5      | Found a staircase to the Ecumenical Temple.
  3388 | Temple   | Entered the Ecumenical Temple
  3429 | Temple   | Reached **** piety under Hepliaklqana
  3645 | D:5      | Found an opulent altar of Gozag.
  3645 | D:5      | Found a deep blue altar of Sif Muna.
  3645 | D:5      | Found a burning altar of Makhleb.
  3645 | D:5      | Found a radiant altar of Vehumet.
  3646 | D:5      | Found a sacrificial altar of Ru.
  3646 | D:5      | Found an opulent altar of Gozag.
  3647 | D:5      | Found an opulent altar of Gozag.
  3647 | D:5      | Found an iron altar of Okawaru.
  3647 | D:5      | Found a shattered altar of Ashenzari.
  3647 | D:5      | Found an iron altar of Okawaru.
  3647 | D:5      | Found a shimmering altar of Xom.
  3647 | D:5      | Found a stormy altar of Qazlal.
  3812 | D:5      | Reached skill level 1 in Invocations
  3945 | D:5      | Found a radiant altar of Vehumet.
  4119 | D:6      | Noticed EnegeticOcto's ghost (novice CeCK)
  4564 | D:6      | Killed EnegeticOcto's ghost
  4564 | D:6      | Reached skill level 6 in Short Blades
  4564 | D:6      | Reached XP level 9. HP: 27/50 MP: 9/11
  5304 | D:6      | Reached skill level 7 in Short Blades
  5610 | D:7      | Reached skill level 5 in Slings
  6006 | D:7      | Reached ***** piety under Hepliaklqana
  6045 | D:7      | Reached XP level 10. HP: 37/56 MP: 13/13
  6048 | D:7      | Reached skill level 8 in Short Blades
  6400 | D:7      | Found Innin's Book Boutique.
  6426 | D:7      | Found Juuqupn's Food Shop.
  6509 | D:7      | Found a shattered altar of Ashenzari.
  6629 | D:7      | Reached skill level 5 in Invocations
  6929 | D:8      | Noticed a two-headed ogre
  7321 | D:8      | Noticed a two-headed ogre
  7339 | D:8      | Slain by a two-headed ogre

Vault maps used:
D:1:      nagdon_arrival_double_spiral, minmay_hexomino_r4
D:3:      chequers_ecumenical_altar_island, first_ration, uniq_grinder,
          uniq_sigmund
D:4:      cheibrodos_quashed, old_standard_altar, marbit_many_paths,
          lemuel_crystal_altar, tgw_sif, uniq_pikel, uniq_crazy_yiuf_cottage
D:5:      overflow_temple_1_default, temple_doors_ab
D:7:      serial_shops, kennysheep_mini, kennysheep_mini_moat, grunt_livestock,
          lemuel_tele_altar
D:8:      grunt_ministairs_11, tgw_fedhas, uniq_erica
Temple:   hc_temple_tempest_star

Skill      XL: |  1  2  3  4  5  6  7  8  9 10 |
---------------+-------------------------------+-----
Short Blades   | 1 3 4 6 7 8 |  8.3
Stealth        | 3 4 5 |  5.5
Fighting       | 4 5 6 7 |  7.9
Slings         | 1 2 3 4 5 |  5.7
Invocations    | 2 4 5 |  5.0
Maces & Flails | |  3.3
Dodging        | |  2.6

Action                   |  1- 3 |  4- 6 |  7- 9 | 10-12 || total
-------------------------+-------+-------+-------+-------++-------
Melee: Mace              |    32 |       |       |       ||    32
       Dagger            |    19 |    22 |   150 |    31 ||   222
 Fire: Hunting sling     |    16 |    36 |    88 |    23 ||   163
Invok: Ancestor Life: Kn |     1 |       |       |       ||     1
       Ancestor Identity |     1 |       |       |       ||     1
       Idealise          |       |       |       |     1 ||     1
  Use: Scroll            |     2 |     2 |     6 |     2 ||    12
       Potion            |       |       |     1 |       ||     1
 Stab: Sleeping          |     3 |     2 |    10 |     4 ||    19
  Eat: Chunk             |     1 |     2 |     9 |     4 ||    16
       Ration            |       |       |     1 |       ||     1
Armor: Robe              |    28 |     8 |    45 |    10 ||    91
Dodge: Dodged            |    38 |    15 |    65 |    21 ||   139

Table legend:
 A = Spawn XP
 B = Non-spawn XP
 C = Spawn XP percentage of total XP
 D = Spawn monster count
 E = Non-spawn monster count
 F = Spawn count percentage of total count
 G = Total turns spent on level
                    A         B        C        D         E        F      G
               +---------+---------+-------+---------+---------+-------+---------
         Total |       0 |    5932 |   0.0 |       0 |     118 |   0.0 |  7339
               +---------+---------+-------+---------+---------+-------+---------
           D:1 |       0 |      33 |   0.0 |       0 |      18 |   0.0 |  1014
           D:2 |       0 |      72 |   0.0 |       0 |      14 |   0.0 |   494
           D:3 |       0 |     585 |   0.0 |       0 |      14 |   0.0 |   976
           D:4 |       0 |     987 |   0.0 |       0 |      10 |   0.0 |   910
           D:5 |       0 |     286 |   0.0 |       0 |       7 |   0.0 |   799
           D:6 |       0 |    1811 |   0.0 |       0 |      21 |   0.0 |  1160
           D:7 |       0 |    1958 |   0.0 |       0 |      28 |   0.0 |  1159
           D:8 |       0 |     200 |   0.0 |       0 |       6 |   0.0 |   572
               +---------+---------+-------+---------+---------+-------+---------
